 Dungeon Crawl Stone Soup version 0.30-a0-630-g881e3bac89 (webtiles) character file.

Game seed: 13234196310156339917

319 Citaku the Covered (level 6, -5/53 HPs)
             Began as a Minotaur Fighter on Jan 13, 2023.
             Killed by nerve-wracking pain
             ... invoked by Grinder
              (9 damage)
             ... while paralysed by Grinder
             ... on level 3 of the Dungeon.
             The game lasted 00:02:31 (1313 turns).

Citaku the Covered (Minotaur Fighter)               Turns: 1313, Time: 00:02:32

Health: -5/53      AC:  7    Str: 23    XL:     6   Next: 21%
Magic:  5/5        EV:  2    Int:  5    God:
Gold:   79         SH:  0    Dex:  9    Spells: 5/5 levels left

rFire   . . .      SeeInvis .    a - +0 war axe
rCold   . . .      Faith    .    c - +0 buckler
rNeg    . . .      Spirit   .    b - +0 scale mail
rPois   .          Reflect  .    (helmet restricted)
rElec   .          Harm     .    (no cloak)
rCorr   .          Rampage  .    (no gloves)
Will    .....                    (no boots) Stlth
                                 (no amulet)
HPRegen 0.28/turn                (no ring)
MPRegen 0.09/turn                (no ring)

@: paralysed
A: horns 2, retaliatory headbutt
a: no special abilities


You were on level 3 of the Dungeon.
You visited 1 branch of the dungeon, and saw 3 of its levels.

You collected 79 gold pieces.

Inventory:

Hand Weapons
 a - a +0 war axe (weapon)
Armour
 b - a +0 scale mail (worn)
 c - a +0 buckler (worn)
Jewellery
 g - a ring of ice
Scrolls
 f - 6 scrolls of identify {unknown}
 i - a scroll of blinking {unknown}
 j - a scroll of teleportation {unknown}
Potions
 d - a potion of brilliance {unknown}
 e - a potion of curing
 h - a potion of haste {unknown}
 k - a potion of might


   Skills:
 + Level 4.7 Fighting
 * Level 5.1 Axes
 * Level 5.6 Armour
 + Level 4.7 Shields


You had 5 spell levels left.
You didn't know any spells.
Your spell library was empty.

Dungeon Overview and Level Annotations

Branches:
Dungeon (3/15)

Altars:

Annotations:
D:3 Grinder


Innate Abilities, Weirdness & Mutations

You have a pair of horns on your head.
You reflexively headbutt those who attack you in melee.


Message History

Grinder grins, showing sharp teeth.
You block Grinder's attack.
You barely miss Grinder.
Grinder is moderately wounded.
Grinder gestures at you. Pain shoots through your body!
You closely miss Grinder. Your headbutt misses Grinder.
Grinder is moderately wounded.
Grinder gestures at you.
You suddenly lose the ability to move!
Grinder says, "There's only one good use for a tongue: cutting it out."
Grinder hits you.
* * * LOW HITPOINT WARNING * * *
You writhe in agony.
* * * LOW HITPOINT WARNING * * *
Grinder blinks!
You can move again.
Grinder attacks as you move away! You block Grinder's attack.
Grinder gestures at you. Pain shoots through your body!
* * * LOW HITPOINT WARNING * * *
Grinder gestures at you.
You barely resist. You hit Grinder. You headbutt Grinder.
Grinder is heavily wounded.
You block Grinder's attack.
You closely miss Grinder.
Grinder is heavily wounded.
Grinder gestures at you.
You suddenly lose the ability to move!
Grinder completely misses you. Grinder gestures at you.
You resist with significant effort. Grinder hits you.
* * * LOW HITPOINT WARNING * * *
You writhe in agony.
* * * LOW HITPOINT WARNING * * *
Grinder gestures at you. Pain shoots through your body!
You die...

## ..>#.#
#######.#.# .
..........#
#########.########
.#..........#..>.#
.#.....##.#.#.##.#
.#......#.#.#.##.#
.#......#.#.#.##5#
.#......#.#.#.##@#
.#......#.#.#.##.#
.#......#.#.#.##.#
.#......#.#.#.##.#
.#.............#.#
.#.....######..#.#
.#.............#.#
.#....########.#.#
.#.............#.#


You could see Grinder.

Vanquished Creatures
  Sigmund (D:2)
  A howler monkey (D:2)
  Natasha (D:2)
  Robin (D:2)
  4 adders (D:2)
  A worm (D:3)
  3 orcs (D:3)
  An endoplasm (D:2)
  10 goblins (D:2)
  2 hobgoblins (D:2)
  5 kobolds
  A quokka (D:2)
  2 ball pythons
  4 bats
  2 frilled lizards (D:2)
  3 rats (D:2)
42 creatures vanquished.

Vanquished Creatures (others)
  A fungus (D:3)
  2 plants (D:3)
3 creatures vanquished.

Grand Total: 45 creatures vanquished

Notes
Turn   | Place    | Note
-------+----------+-------------------------------------------
     0 | D:1      | Citaku the Minotaur Fighter began the quest for the Orb.
     0 | D:1      | Reached XP level 1. HP: 19/19 MP: 0/0
    64 | D:1      | You fall into a shaft and drop 1 floor!
    90 | D:2      | Noticed Robin
   104 | D:2      | Reached XP level 2. HP: 22/27 MP: 1/1
   112 | D:2      | Killed Robin
   258 | D:2      | Reached XP level 3. HP: 33/33 MP: 2/2
   601 | D:2      | Noticed Sigmund
   607 | D:2      | Reached XP level 4. HP: 31/40 MP: 3/3
   611 | D:2      | Killed Sigmund
   612 | D:2      | Reached skill level 5 in Armour
   612 | D:2      | Reached XP level 5. HP: 23/47 MP: 4/4
   812 | D:2      | Noticed Natasha
   819 | D:2      | Killed Natasha
   820 | D:2      | Reached XP level 6. HP: 46/53 MP: 5/5
   862 | D:2      | Reached skill level 5 in Axes
  1088 | D:3      | Identified the +12 rapier of the Orb {pain, Dex+2}
  1279 | D:3      | Noticed Grinder
  1290 | D:3      | Paralysed by Grinder for 5 turns
  1301 | D:3      | Paralysed by Grinder for 3 turns
  1309 | D:3      | Paralysed by Grinder for 5 turns
  1313 | D:3      | Killed from afar by Grinder

Illustrated notes

Levels and vault maps discovered:
D:1:      lemuel_arrival_tunnels, layout_loops_cross, minmay_liquid_box,
          minmay_surrounded
D:2:      layout_basic, minmay_misc_feat_alley, uniq_sigmund, uniq_natasha,
          uniq_robin
D:3:      layout_basic, shapermc_ecumenical_altar_rom_forum, uniq_grinder,
          uniq_ijyb

Skill      XL: |  1  2  3  4  5  6 |
---------------+-------------------+-----
Armour         | 4 5 |  5.6
Axes           | 3 4 5 |  5.1
Fighting       | 4 |  4.7
Shields        | 4 |  4.7

Action                   |  1- 3 |  4- 6 || total
-------------------------+-------+-------++-------
Melee: War axe           |    53 |    44 ||    97
       Headbutt          |     6 |     7 ||    13
  Use: Potion            |     1 |       ||     1
Armor: Scale mail        |    39 |    17 ||    56
Dodge: Dodged            |    26 |    17 ||    43
Block: Buckler           |    20 |    11 ||    31

Table legend: (Time is in decaauts)
 A = Elapsed time spent in this place.
 B = Non-inter-level travel time spent in this place.
 C = Inter-level travel time spent in this place.
 D = Time resting spent in this place.
 E = Time spent auto-exploring this place.
 F = Levels seen in this place.
 G = Mean time per level.
                   A        B        C        D        E       F      G
               +--------+--------+--------+--------+--------+-----+--------+
         Total |   1346 |   1340 |      6 |      0 |    972 |   3 |  448.7 |
       Dungeon |   1346 |   1340 |      6 |      0 |    972 |   3 |  448.7 |
               +--------+--------+--------+--------+--------+-----+--------+

Top non-repeatable levels by time:
     D:2: 939 daAuts
     D:3: 340 daAuts
     D:1: 66 daAuts
